[Event "German-ch Blitz Women 2022"]
[Site "Magdeburg"]
[Date "2022.08.13"]
[Round "13.8"]
[White "Schulze, Lara"]
[Black "Rath, Alina"]
[Result "0-1"]
[ECO "B30"]
[WhiteElo "2292"]
[BlackElo "2062"]
[Annotator "TA"]
[PlyCount "137"]
[EventDate "2022.08.10"]
[EventType "tourn"]
[EventCountry "GER"]
[SourceTitle "playchess.com"]
[Source "ChessBase"]
[SourceQuality "1"]
[TimeControl "180+2"]

1. e4 c5 2. Nf3 Nc6 3. Bb5 a6 4. Bxc6 dxc6 5. h3 Qc7 6. d3 {[%emt 0:00:03] B30: Sicilian: 2...Nc6 3 Bb5, lines without ...g6.} e5 7. O-O Ne7 8. Nbd2 {[%emt 0:00:03] The position is equal.} Ng6 9. a4 a5 10. Nc4 f6 11. Be3 {[%emt 0:00:06] [#]} Be7 $146 ({Predecessor:} 11... Be6 12. Nfd2 b6 13. c3 Be7 14. b4 axb4 15. cxb4 b5 16. axb5 Rxa1 17. Qxa1 cxb5 {1-0 (40) Favilli,E (2116)-Ventura,S (2190) Lignano Sabbiadoro 2018}) 12. c3 Be6 13. Qb3 O-O {[%emt 0:00:11][%cal Ob7b5] White must now prevent ...b5!} 14. Nfd2 (14. Qc2 $15) 14... Rfb8 (14... Rfd8 $17 15. Qc2 b5) 15. Qb6 $2 (15. Qc2 $1 $15) 15... Qxb6 $2 ({Black should play} 15... Qd7 $19 16. Nb3 Bxh3 $1) 16. Nxb6 $15 {[%emt 0:00:02] Pair of Knights!} Ra6 17. Nbc4 (17. Ndc4 $15) 17... Rd8 $17 18. Nb3 b6 (18... Rxd3 $17 19. Nbd2 Bd8) 19. Rfd1 (19. Nc1 $1 $15) 19... Nf4 20. Bxf4 exf4 21. f3 g5 22. Kf2 Kf7 23. Ke2 $1 Rd7 24. Nbd2 Bd8 25. b3 (25. e5 $1 $11 {keeps the balance.}) 25... Ke7 (25... Bc7 $17) 26. Na3 (26. e5 $11) 26... Bc7 27. Ndc4 Ra8 28. d4 cxd4 29. cxd4 Rb8 30. Nc2 Ra8 31. N2a3 Rb8 32. Nc2 Ra8 (32... f5 $15) 33. Rd3 b5 (33... Rad8 $11) 34. axb5 $14 cxb5 35. Nd2 (35. N4a3 $1 $14 {was forced to keep a grip.}) 35... Bb6 $2 {[%emt 0:00:20] Black is more active.} (35... Bd6 $17 {and life is bright.}) 36. d5 $16 Bf7 37. Nd4 (37. Na3 $1 $16) 37... Bxd4 $15 38. Rxd4 Kd6 39. b4 Rda7 40. bxa5 Rxa5 41. Rc1 Be8 {[%emt 0:00:04] Against Rc6+} 42. Nb3 Ra2+ 43. Rd2 $1 R8a3 44. Rxa2 Rxa2+ $11 {[%emt 0:00:01][%mdl 4096] Endgame KRB-KRN} 45. Nd2 (45. Kd3 $5 ) 45... b4 46. Rb1 Kc5 47. Rc1+ Kd4 $2 (47... Kb6 $15 {keeps the upper hand.}) 48. Rc4+ $18 Ke5 49. Rxb4 h5 (49... f5 $16 50. Kd3 Ra3+ 51. Kc2 Ra2+ 52. Kc3 Ra3+ 53. Kb2 Ra7) 50. Kd3 Ra3+ {[%emt 0:00:01] [#]} 51. Kc2 (51. Kc4 $1 $18 ) 51... Ra1 (51... Kd6 $16 52. Rb6+ Kc5) 52. Nc4+ $2 (52. Rb7 $18 {and White stays clearly on top. Threatens to win with Re7+.} Ra2+ 53. Kc3 Ra3+ 54. Kb2) 52... Kd4 $16 53. Nd2+ ({Better is} 53. Kb3 $16 {And now Nd6+ would win.} Rb1+ 54. Nb2+ (54. Ka3 Rxb4 55. Kxb4 f5 $16) 54... Kc5 55. Rb7) 53... Ke3 54. Rb3+ Ke2 55. Nc4 $2 (55. Kb2 $11 Rg1 56. Nc4) 55... Ba4 $19 56. d6 Bxb3+ 57. Kxb3 {[%emt 0:00:01] KR-KN} Rd1 58. Kb4 Kf2 59. Kc5 Kxg2 60. Nb6 {[%emt 0:00:02] [#]} Rxd6 $3 61. Kxd6 Kxh3 $2 {[%emt 0:00:02] KN-KP} ({Black should try} 61... Kxf3 $19 62. Nd5 Kxe4) 62. Nd5 $11 Kg3 {[%emt 0:00:02] aiming for ...h4.} 63. Nxf6 Kxf3 {[%emt 0:00:03] Strongly threatening ...g4. KN-K3P} 64. e5 {[%emt 0:00:00] e6 is the strong threat.} Kg2 $2 (64... g4 $11 65. e6 g3) 65. e6 $18 {[%emt 0:00:01] White is clearly winning.} f3 66. Ne4 g4 67. e7 g3 68. e8=Q f2 69. Nxg3 $2 {[%mdl 32768] Never resign too early!  Weighted Error Value: White=0.62/Black=0.48. Loss on time!?} 0-1

[Event "German-ch Blitz Women 2022"]
[Site "Magdeburg"]
[Date "2022.08.13"]
[Round "13.10"]
[White "Zhou, Lepu Coco"]
[Black "Braun, Kristin"]
[Result "1-0"]
[ECO "B52"]
[WhiteElo "1986"]
[BlackElo "1897"]
[Annotator "TA"]
[PlyCount "109"]
[EventDate "2022.08.10"]
[EventType "tourn"]
[EventCountry "GER"]
[SourceTitle "playchess.com"]
[Source "ChessBase"]
[SourceQuality "1"]
[TimeControl "180+2"]

1. e4 c5 2. Nf3 d6 3. Bb5+ Bd7 4. Bxd7+ Qxd7 5. c4 Nf6 6. Nc3 Nc6 7. O-O g6 8. d4 cxd4 9. Nxd4 Bg7 10. Be3 O-O 11. f3 a6 12. Rc1 Nxd4 {[%emt 0:00:04] B52: Sicilian: Moscow Variation with 3...Bd7.} 13. Bxd4 Rac8 {[%emt 0:00:01] [#]} 14. Nd5 $146 ({Predecessor:} 14. Qd3 Qe6 15. b3 Bh6 16. f4 b5 17. cxb5 axb5 18. f5 Qd7 19. Rce1 b4 20. Bxf6 exf6 {1-0 (43) Haghayegh,J (2066)-Engl,H (2018) Bayern 2003}) 14... Nxd5 {[%emt 0:00:13] The position is equal.} 15. exd5 e5 16. Be3 b5 17. c5 dxc5 18. Rxc5 Rxc5 19. Bxc5 Rd8 20. d6 (20. Bb6 $1 $11 Rc8 21. Qd3) 20... Bf8 21. Bb6 Re8 22. Bc7 Re6 23. Qd5 Bxd6 24. Rc1 Kf8 (24... Qc8 $17 25. Qc6 Bf8) 25. Bb6 {[%emt 0:00:19] [#]} (25. Rc6 $11 {keeps the balance.} Ke7 26. Bxd6+ Rxd6 27. Qxe5+ Qe6 28. Rc7+ Rd7 29. Qxe6+ (29. Qc5+ Ke8 $11) 29... Kxe6 30. Rxd7 Kxd7 31. Kf2) 25... Qe7 ({Black should play} 25... e4 $1 $17 {[%cal Od6h2] Threatens to win with ...Bxh2+!} 26. fxe4 {[#]} Bxh2+ $1 27. Kxh2 Qxd5 28. exd5 Rxb6) 26. Be3 $36 {[%emt 0:00:06][%mdl 2048] Strongly threatening Bh6+. White fights for an advantage.} Kg7 {[%emt 0:00:10] Inhibits Bh6+.} 27. Qd2 (27. Rc6 $1 $11) 27... f5 28. Bh6+ Kf7 29. Bg5 ({White should try} 29. Qd5 $15) 29... Qa7+ 30. Kf1 Bf8 $2 (30... Qd4 $17 {keeps the pressure on.}) 31. Qd8 $2 ({White has to play} 31. Qd5 $18 Qb6 32. Qd7+ (32. Rc8 Qd6 $11) 32... Re7 33. Bxe7 Bxe7 34. Rc6) 31... Be7 $2 (31... Qd4 $11) 32. Rc7 $18 {[%emt 0:00:13][%cal Rg5e7] Intending Bxe7 and mate.} Qc5 33. Rxc5 {Rc7 would kill now.} Bxd8 34. Bxd8 {[%emt 0:00:05][%mdl 4096] Endgame KRB-KR} Rd6 35. Rc7+ Ke8 36. Bg5 Rd1+ 37. Ke2 Rb1 38. Rc2 Kf7 39. b3 Rg1 40. Kf2 Rd1 41. Rd2 Ra1 42. g4 f4 43. Rd7+ (43. Re2 $142) 43... Kg8 (43... Ke6 $142 44. Rd2 (44. Rxh7 Rxa2+ 45. Ke1 Ra1+ 46. Kd2 Ra2+ 47. Kc3 Rf2 $16) 44... Rh1) 44. Rd2 $2 (44. Bf6) 44... Kf7 45. Bd8 Ke6 46. Bc7 Rc1 47. Ba5 Rc6 48. Re2 g5 49. Bd8 Rd6 (49... h6 $142 50. Ba5 Kf6) 50. Bxg5 Rc6 51. Bxf4 Rc5 52. Be3 Rc3 53. f4 exf4 54. Bd4+ Kd5 55. Bxc3 {[%emt 0:00:03] Weighted Error Value: White=0.57/Black=0.64} 1-0

[Event "German-ch Blitz Women 2022"]
[Site "Magdeburg"]
[Date "2022.08.13"]
[Round "13.11"]
[White "Muetsch, Annmarie"]
[Black "Grabowski, Petra"]
[Result "1-0"]
[ECO "C02"]
[WhiteElo "2249"]
[BlackElo "1643"]
[Annotator "TA"]
[PlyCount "63"]
[EventDate "2022.08.10"]
[EventType "tourn"]
[EventCountry "GER"]
[SourceTitle "playchess.com"]
[Source "ChessBase"]
[SourceQuality "1"]
[TimeControl "180+2"]

1. e4 e6 2. d4 d5 3. e5 c5 4. c3 Nc6 5. Nf3 Bd7 6. Be2 Qb6 7. O-O cxd4 8. cxd4 Nh6 9. Nc3 Nf5 10. Na4 Qd8 11. Bg5 {[%emt 0:00:11] C02: French: Advance Variation.} Be7 12. Bxe7 Qxe7 13. Rc1 {[%emt 0:00:08] White is slightly better.} O-O 14. Nc5 $1 {[%emt 0:00:04] [#]} b6 $146 (14... Bc8 $14) ({Predecessor:} 14... Bc8 15. Bb5 Nb8 16. g3 b6 17. Nd3 Bd7 18. Qa4 Bxb5 19. Qxb5 Qd7 20. Qxd7 Nxd7 {1-0 (61) Indjic,A (2613)-Papp,L (2399) Chess.com INT 2022}) 15. Nxd7 $16 Qxd7 16. Bb5 Rac8 (16... Nfe7 $16) 17. Qa4 $18 Nfe7 18. Rc3 $36 {[%emt 0:00:06][%mdl 2048] [#] Hoping for Rfc1. White is really pushing.} Qb7 (18... a6 $16 {might work better.}) 19. Ba6 Qd7 20. Bxc8 Rxc8 21. Rfc1 h6 22. Qc2 a6 23. b4 b5 (23... Qb7 $142 24. Qd3 Re8) 24. Nd2 Kh8 (24... Qd8 $142 25. Nb3 Qf8) 25. Nb3 {[%emt 0:00:03] White is clearly winning.} g6 26. Na5 Na7 27. Rc7 Rxc7 28. Qxc7 Qxc7 29. Rxc7 Nac8 30. Nc6 Nxc6 31. Rxc8+ Kg7 32. Rxc6 {[%emt 0:00:01] Black did not feel at home in the position after the opening.  Weighted Error Value: White=0.07 (flawless) /Black=0.60} 1-0

[Event "German-ch Blitz Women 2022"]
[Site "Magdeburg"]
[Date "2022.08.13"]
[Round "13.12"]
[White "Daemering, Katrin"]
[Black "Khrapko, Marharyta"]
[Result "1-0"]
[ECO "B32"]
[WhiteElo "1965"]
[BlackElo "2128"]
[Annotator "NA RC"]
[PlyCount "83"]
[EventDate "2022.08.10"]
[EventType "tourn"]
[EventCountry "GER"]
[SourceTitle "playchess.com"]
[Source "ChessBase"]
[SourceQuality "1"]
[TimeControl "180+2"]

1. e4 c5 2. Nf3 Nc6 3. d4 cxd4 4. c3 d3 5. Bxd3 e5 6. O-O Be7 7. Re1 d6 8. h3 Nf6 9. Be3 O-O 10. c4 Be6 11. Nc3 Rc8 12. b3 Nb4 13. Bf1 a6 14. Rc1 Qa5 15. Qd2 Kh8 16. Red1 Nc6 17. Ne1 Ne8 18. f3 f5 19. Qf2 Bd8 20. exf5 Bxf5 21. Nd5 b5 22. Nb6 Rb8 23. cxb5 Nd4 24. Nc4 Qb4 25. bxa6 Bf6 26. Nd3 Qb5 27. Ndb2 Qd7 28. a4 d5 29. Nxe5 Bxe5 30. Bxd4 Bf4 31. Rc3 Ra8 32. Qh4 Bd6 33. Nd3 Nf6 34. Nc5 Qe7 35. Re3 Qf7 36. Nd3 Rfb8 37. Ne5 Qg8 38. Qg5 Qc8 39. Nf7+ Kg8 40. Nxd6 Qc2 41. Nxf5 Ne8 42. Rxe8+ 1-0

[Event "German-ch Blitz Women 2022"]
[Site "Magdeburg"]
[Date "2022.08.13"]
[Round "14.1"]
[White "Paehtz, Elisabeth"]
[Black "Khrapko, Marharyta"]
[Result "0-1"]
[ECO "A43"]
[WhiteElo "2484"]
[BlackElo "2128"]
[Annotator "TA"]
[PlyCount "62"]
[EventDate "2022.08.10"]
[EventType "tourn"]
[EventCountry "GER"]
[SourceTitle "playchess.com"]
[Source "ChessBase"]
[SourceQuality "1"]
[TimeControl "180+2"]

1. d4 c5 2. c3 e6 3. Nf3 Nc6 4. Bf4 b6 5. e3 Bb7 6. Nbd2 Nf6 7. Bd3 d6 8. O-O Be7 9. h3 O-O 10. Bh2 {[%emt 0:00:01] A47: 1 d4 Nf6 2 Nf3 b6: Torre, London and Colle Systems.} Re8 11. Qe2 Bf8 12. Rad1 {[%emt 0:00:06] [#] The position is equal.} e5 $146 {[%emt 0:00:15] [#]} (12... d5 $11 {remains equal.}) ({Predecessor:} 12... cxd4 13. exd4 e5 14. dxe5 Nxe5 15. Nxe5 dxe5 16. Ne4 Nxe4 17. Bxe4 Qc8 18. Rfe1 Bxe4 19. Qxe4 {0-1 (27) Suvrajit,S (2198)-Janaszak,D (2348) Chess.com INT 2021}) 13. dxe5 $1 $16 dxe5 14. Nc4 (14. Ng5 $16) 14... Qb8 15. a4 Qc7 16. Ng5 a6 $2 {[%emt 0:00:43] [#] This costs Black the game.} (16... Rad8 $14) 17. f4 $1 $18 {[%emt 0:00:20][%cal Bf2f4,Bf4f5][%mdl 32] aiming for fxe5.} e4 18. Bc2 {[%emt 0:00:04] f5 is the strong threat.} h6 $2 (18... Red8 19. f5 (19. Nxe4 Nxe4 20. Bxe4 b5 $16) 19... Qe7) 19. f5 Qc8 (19... Ne5) 20. Nxb6 {[%emt 0:00:03] White is clearly winning.} hxg5 21. Nxc8 Raxc8 22. Bb3 Na5 23. Bc4 Nxc4 24. Qxc4 Rcd8 25. Bc7 Rc8 26. Bd6 Nh5 27. Bxf8 Rxf8 28. Kh2 a5 29. Rd6 Rc7 30. Rfd1 Bc8 31. g4 Nf6 {[%mdl 32768] Weighted Error Value: White=0.17 (very precise) /Black=0.71. Loss on time!?} 0-1

[Event "German-ch Blitz Women 2022"]
[Site "Magdeburg"]
[Date "2022.08.13"]
[Round "14.2"]
[White "Grabowski, Petra"]
[Black "Daemering, Katrin"]
[Result "0-1"]
[ECO "B06"]
[WhiteElo "1643"]
[BlackElo "1965"]
[Annotator "TA"]
[PlyCount "144"]
[EventDate "2022.08.10"]
[EventType "tourn"]
[EventCountry "GER"]
[SourceTitle "playchess.com"]
[Source "ChessBase"]
[SourceQuality "1"]
[TimeControl "180+2"]

1. d4 d6 2. e4 g6 3. Nc3 Bg7 4. Be3 Nf6 5. Nf3 Nbd7 6. Qd2 {[%emt 0:00:04] B08: Pirc Defence: Classical System.} Ng4 {[%emt 0:00:08] Inhibits Bh6.} (6... O-O $14 {is superior.}) 7. Bg5 $16 h6 8. Bh4 {[%emt 0:00:01] White is better.} c5 9. h3 Ngf6 {[%emt 0:00:01] [#]} 10. Be2 $146 (10. O-O-O $16) ({Predecessor:} 10. O-O-O cxd4 11. Nxd4 Nc5 12. f3 Qa5 13. Kb1 a6 14. Nd5 Qxd2 15. Rxd2 Nxd5 {½-½ (15) Quevedo,A (1789)-Campopiano,J (1785) Montevideo 2019}) 10... a6 11. e5 (11. O-O-O $1 $14) 11... cxd4 $15 12. Qxd4 dxe5 13. Nxe5 {[%emt 0:00:07] [#]} (13. Qb4 $15) 13... Nh5 (13... Nh7 $1 $19 14. Nxf7 Bxd4 15. Nxd8 Bxc3+ 16. bxc3 Kxd8) 14. f4 $11 {[%emt 0:00:40] [#]} Nxf4 15. Qxf4 Nxe5 16. Rd1 Qb6 {[%emt 0:00:10] [#]} (16... Bd7 $11 {and Black has nothing to worry.} 17. Bf2 Qa5) 17. Qa4+ $2 (17. Bxe7 $1 $18 {[%mdl 512] Black must now prevent Nd5.} Qxb2 (17... g5 18. Nd5) 18. Nd5 (18. Qd4 $2 Nf3+ 19. gxf3 Bxd4 $19)) 17... Bd7 18. Qb3 (18. Qa3 $1 $11 O-O 19. Nd5) 18... Qxb3 $17 19. axb3 e6 {[%emt 0:00:10] Inhibits Nd5.} (19... Rc8 $17 20. O-O Bf5) 20. O-O (20. Ne4 $1 $11 {remains equal.} Bc6 21. Nf6+ Kf8 22. O-O) 20... O-O ({Better is} 20... Bc6 $17 21. Na4 O-O) 21. Ne4 $15 Bc6 $36 {[%emt 0:00:04][%mdl 2048] Black is pushing.} 22. Bd3 {[%emt 0:00:06] White is now going downhill.} (22. Nf6+ $15 Bxf6 23. Bxf6) 22... Nxd3 $19 23. cxd3 g5 24. Bf2 Bxb2 25. Rd2 Bg7 26. Rc1 (26. Bc5 {keeps fighting.}) 26... Rad8 {[%emt 0:00:03] Strongly threatening ...Bxe4.} 27. Rdc2 Rxd3 28. Nc5 Rd5 29. Na4 Rfd8 30. Nc3 Rd2 31. Kh2 Rxc2 32. Rxc2 Rd3 33. Nb1 Rxb3 34. Nd2 Rd3 35. Nf3 Bxf3 36. gxf3 Rxf3 {[%emt 0:00:02][%mdl 4096] Endgame KRB-KRB} 37. Kg2 Rd3 38. Rc8+ Kh7 39. Rc7 Rd2 40. Kf3 Rb2 41. Rxf7 Rb3+ 42. Kg2 Kg6 43. Re7 Rb2 44. Kf3 Bf8 45. Rxe6+ Kf5 46. Re8 Bd6 47. Rd8 Bc7 48. Rd7 Rb3+ 49. Kg2 Bf4 50. Rh7 (50. Rd5+ $142 Ke6 51. Rd8) 50... Kg6 51. Rd7 (51. Rh8 $142) 51... a5 52. Re7 a4 53. Re6+ Kf5 54. Re8 a3 {[%emt 0:00:01] Hoping for ...b5.} 55. Ra8 b5 {[%emt 0:00:02][%cal Bb7b5,Bb5b4,Bb4b3][%mdl 32] ...Ke4 is the strong threat.} 56. Bd4 b4 {[%emt 0:00:02] aiming for ...Ke4.} 57. Rb8 a2 (57... Bxb8 $142 58. Kf2 Be5 59. Bc5 a2 60. Kg1 a1=Q+ 61. Kg2 Qd1 62. Be3 Rxe3 63. Kf2 Rf3+ 64. Kg2 Qf1#) 58. Rb5+ Ke4 59. Bg7 h5 {[%emt 0:00:01] ( -> ...Rb1)} 60. Bf6 Rb1 61. Ra5 b3 62. Ra4+ Kd3 63. Ra3 Kc2 (63... Be3 $142 64. Ra4 g4 65. hxg4 Rg1+ 66. Kh3 Rxg4 67. Ra8 Bd4 68. Bxd4 Rxd4 69. Kh2 Kc3 70. Kg2 Kb2 71. Kg3 a1=Q 72. Rxa1 Kxa1 73. Kf3 Ra4 74. Kg2 b2 75. Kh2 b1=Q 76. Kg3 Qb3+ 77. Kh2 Ra2+ 78. Kh1 Qd1#) 64. Bd4 Bd2 {[%emt 0:00:05] Black mates.} 65. Bf6 Bc1 66. Ra4 Bb2 67. Rc4+ Kd3 68. Rc6 Bxf6 69. Rxf6 a1=Q 70. Rf3+ Ke4 71. Rf7 Rb2+ 72. Kg3 Qg1# {[%emt 0:00:01] Weighted Error Value: White=0.85/Black=0.52} 0-1

[Event "German-ch Blitz Women 2022"]
[Site "Magdeburg"]
[Date "2022.08.13"]
[Round "14.3"]
[White "Braun, Kristin"]
[Black "Muetsch, Annmarie"]
[Result "1/2-1/2"]
[ECO "C50"]
[WhiteElo "1897"]
[BlackElo "2249"]
[Annotator "TA"]
[PlyCount "90"]
[EventDate "2022.08.10"]
[EventType "tourn"]
[EventCountry "GER"]
[SourceTitle "playchess.com"]
[Source "ChessBase"]
[SourceQuality "1"]
[TimeControl "180+2"]

1. e4 e5 2. Nf3 Nc6 3. Bc4 Bc5 4. d3 Nf6 5. c3 d6 6. Nbd2 a6 7. Bb3 Ba7 8. h3 O-O 9. Nf1 d5 10. Ng3 {[%emt 0:00:21] C54: Giuoco Piano: 4 c3 Nf6, main lines with 5 d4 and 5 d3.} dxe4 11. dxe4 (11. Nxe4 {seems wilder.} Nxe4 12. dxe4 Na5 13. Bc2) 11... Qxd1+ 12. Bxd1 {[%emt 0:00:02] Black has an edge.} Be6 13. O-O {[%emt 0:00:07] [#]} Bc4 $146 ({Predecessor:} 13... h6 14. Be2 Nd7 15. Nh4 Kh7 16. Nhf5 Nc5 17. Bf3 Nd3 18. b3 g6 19. Ne3 Nxc1 20. Raxc1 Bxe3 21. fxe3 {½-½ (44) Gorbanovsky,O (2172)-Costachi,M (2228) Iasi 2014}) 14. Re1 h6 15. Bc2 Rad8 16. Be3 (16. Ba4 $5 b5 17. Bc2 $11) 16... Bxe3 17. Rxe3 Rd7 18. Ree1 Rfd8 19. b3 (19. Ba4 $5 b5 20. Bb3 $11) 19... Bd3 20. Bxd3 Rxd3 21. c4 g6 22. Kf1 h5 23. Ke2 {[%emt 0:00:10] [#]} Kf8 ({Better is} 23... Rxf3 $1 $17 24. Kxf3 (24. gxf3 h4) 24... Nd4+ 25. Ke3 Nc2+ 26. Kf3 Rd3+ 27. Ke2 Rd4) 24. Rad1 Rxd1 25. Rxd1 Rxd1 26. Kxd1 $11 {[%emt 0:00:01][%mdl 4096] Endgame KNN-KNN} Ke7 27. Kd2 Ke6 28. a3 a5 29. Ng5+ Ke7 30. Nf3 Nd7 31. Kc3 {[%emt 0:00:12] Inhibits Nd4.} f6 32. b4 axb4+ 33. axb4 b6 34. Nf1 Ke6 35. Ne3 Ne7 36. Nd5 Nxd5+ 37. cxd5+ {[%emt 0:00:03] KN-KN} Kd6 38. Nd2 b5 {[%emt 0:00:02] Inhibits Nc4+.} 39. Nf3 $2 {[%emt 0:00:04] [#]} (39. g3 $11 {and White stays safe.}) 39... c6 $2 (39... f5 $1 $19 40. Ng5 fxe4 41. Nxe4+ Kxd5) 40. dxc6 {[%emt 0:00:04] The position is equal.} Kxc6 41. Nh4 Nf8 42. g3 Kd6 43. Ng2 Ne6 44. Nh4 Nf8 45. Ng2 Ne6 {[%emt 0:00:03] Weighted Error Value: White=0.19 (very precise) /Black=0.15 (very precise)} 1/2-1/2

[Event "German-ch Blitz Women 2022"]
[Site "Magdeburg"]
[Date "2022.08.13"]
[Round "14.4"]
[White "Skibbe, Diana"]
[Black "Zhou, Lepu Coco"]
[Result "1-0"]
[ECO "B21"]
[WhiteElo "1943"]
[BlackElo "1986"]
[Annotator "TA"]
[PlyCount "89"]
[EventDate "2022.08.10"]
[EventType "tourn"]
[EventCountry "GER"]
[SourceTitle "playchess.com"]
[Source "ChessBase"]
[SourceQuality "1"]
[TimeControl "180+2"]

1. e4 c5 2. d4 cxd4 3. c3 Nf6 4. e5 Nd5 5. Qxd4 e6 6. Nf3 Nc6 7. Qe4 d6 8. exd6 Bxd6 9. Bd3 {B22: Sicilian: 2 c3.} f5 {[#]} 10. Qa4 $146 (10. Qe2 $5 ) ({Predecessor:} 10. Qe2 O-O 11. O-O Kh8 12. Rd1 Qf6 13. g3 e5 14. Nbd2 e4 15. Nxe4 fxe4 16. Qxe4 g6 17. Qxd5 Qxf3 18. Qxf3 Rxf3 {1-0 (35) Jobava,B (2603)-Kaasen,T (2381) Chess.com INT 2020}) 10... O-O 11. O-O {Black is slightly better.} e5 $2 {[%mdl 8192] [#] This move loses the game for Black.} (11... h6 $15 {stays ahead.}) 12. Bc4 $1 $18 Be6 (12... Nce7 {was necessary.}) 13. Ng5 Qe7 14. Nxe6 ({Not} 14. Rd1 Nc7 $14) 14... Qxe6 15. Qb3 Nce7 16. Rd1 ({Less strong is} 16. Qxb7 Rac8 17. Qb3 Rb8 $14) 16... Rad8 17. Bxd5 Nxd5 18. Qxd5 Qxd5 19. Rxd5 Bb8 20. Rxd8 Rxd8 {[%cal Rd8d1] [#]} 21. Nd2 e4 22. Kf1 Bxh2 23. g3 {Against Bf4} f4 24. Nxe4 fxg3 25. Bg5 Rf8 26. Kg2 gxf2 27. Nxf2 Bd6 28. Rd1 Bc5 29. Bh4 g5 30. Bg3 h5 31. Ne4 Be3 32. Rd3 Bc1 33. b3 h4 34. Bf2 Rf7 35. Bd4 g4 (35... Kh7 $142 36. Bxa7 Re7) 36. Nf6+ Kf8 37. Nxg4 Bf4 38. Kh3 Bg3 39. Nf6 b6 40. Nh5 Be1 41. Bf6 Rc7 42. Bxh4 Bxc3 43. Rf3+ Kg8 44. Nf6+ Kh8 $2 (44... Bxf6 45. Rxf6 Rc2) 45. Nd5 {[%csl LRc3,LRc7] Weighted Error Value: White=0.10 (very precise) /Black=0.45} 1-0

[Event "German-ch Blitz Women 2022"]
[Site "Magdeburg"]
[Date "2022.08.13"]
[Round "14.5"]
[White "Rath, Alina"]
[Black "Nikolaeva, Mariya A"]
[Result "0-1"]
[ECO "A16"]
[WhiteElo "2062"]
[BlackElo "1309"]
[Annotator "NA RC"]
[PlyCount "166"]
[EventDate "2022.08.10"]
[EventType "tourn"]
[EventCountry "GER"]
[SourceTitle "playchess.com"]
[Source "ChessBase"]
[SourceQuality "1"]
[TimeControl "180+2"]

1. c4 Nf6 2. Nc3 g6 3. g3 Bg7 4. Bg2 d6 5. e4 e5 6. Nge2 O-O 7. O-O Nc6 8. d3 a5 9. h3 Nd7 10. f4 f5 11. Be3 exf4 12. Nxf4 Nf6 13. Qd2 fxe4 14. dxe4 Kh8 15. b3 Re8 16. Rae1 Bd7 17. Ncd5 a4 18. Nxf6 Bxf6 19. Nd5 Bg7 20. Bg5 Qc8 21. Rf7 Ne5 22. Rxg7 Kxg7 23. Bh6+ Kh8 24. Qg5 Qd8 25. Qe3 Be6 26. Bg5 Qc8 27. Bf6+ Kg8 28. Qh6 Qd7 29. Bxe5 Bxd5 30. Bb2 Be6 31. g4 axb3 32. axb3 Ra2 33. Qc1 Rf8 34. Qc3 Rxb2 35. Qxb2 c6 36. Qd4 Qe7 37. Rd1 Qf7 38. Qxd6 Qf2+ 39. Kh1 Bf7 40. Rf1 Qb6 41. e5 Re8 42. Qd7 Rf8 43. e6 Be8 44. Rxf8+ Kxf8 45. Qd6+ Kg8 46. e7 Qxb3 47. Qe6+ Kg7 48. Qe5+ Kg8 49. Qe6+ Kg7 50. Kh2 Qb6 51. Qe5+ Kf7 52. g5 Qf2 53. Kh1 Qf5 54. Qc7 Qb1+ 55. Kh2 Qf5 56. Qxb7 Qf4+ 57. Kg1 Qc1+ 58. Bf1 Qxg5+ 59. Bg2 Qxe7 60. Qb3 Qe1+ 61. Kh2 Qe5+ 62. Kg1 Qe1+ 63. Kh2 Qe5+ 64. Kg1 c5 65. Bd5+ Kg7 66. Qb7+ Kh6 67. Qb1 Bd7 68. Qc1+ Qg5+ 69. Qxg5+ Kxg5 70. Kg2 Kh4 71. Bg8 Bxh3+ 72. Kf3 h5 73. Bh7 Kg5 74. Kg3 Bf5 75. Bg8 h4+ 76. Kg2 Kg4 77. Bd5 h3+ 78. Kh2 Kf4 79. Bf7 g5 80. Bd5 g4 81. Kg1 g3 82. Kf1 h2 83. Kg2 Be4+ 0-1

[Event "German-ch Blitz Women 2022"]
[Site "Magdeburg"]
[Date "2022.08.13"]
[Round "14.6"]
[White "Kunze, Kerstin"]
[Black "Schulze, Lara"]
[Result "1-0"]
[ECO "B31"]
[WhiteElo "2020"]
[BlackElo "2292"]
[Annotator "TA"]
[PlyCount "61"]
[EventDate "2022.08.10"]
[EventType "tourn"]
[EventCountry "GER"]
[SourceTitle "playchess.com"]
[Source "ChessBase"]
[SourceQuality "1"]
[TimeControl "180+2"]

1. e4 c5 2. Nf3 Nc6 3. Bb5 g6 4. O-O Bg7 5. Re1 e5 6. c4 {B31: Sicilian: 2...Nc6 3 Bb5 g6.} ({White should play} 6. Bc4) 6... Nge7 $11 7. Nc3 O-O 8. d3 {The position is equal.} d6 {[#]} 9. a3 $146 ({Predecessor:} 9. Nd5 Nxd5 10. exd5 Ne7 11. Rb1 a6 12. Ba4 b5 13. Bc2 b4 14. h3 f5 15. Bg5 {1-0 (68) Dahampriya,H (1433)-Ranasinghe,S (1844) Nugegoda 2019}) 9... h6 10. Rb1 f5 11. exf5 Nxf5 12. Ne4 Ncd4 13. Nxd4 Nxd4 14. Ba4 Kh7 15. Be3 Bf5 16. b4 b6 (16... Bxe4 $11 17. dxe4 Qe7) 17. Bxd4 $14 cxd4 18. Bc6 $1 Rc8 19. Bd5 Bf6 20. a4 {[%cal Oa4a5] White is more active.} Bh4 21. Rf1 Qd7 22. a5 bxa5 (22... Bd8 $142) 23. bxa5 $16 Rb8 24. Qd2 (24. a6 $16) 24... Bxe4 25. Bxe4 {[#]} ({Better is} 25. Rxb8 $14 Rxb8 26. Bxe4) 25... Bxf2+ $1 26. Kh1 {Hoping for Rxb8.} Rxb1 27. Rxb1 {Rb7 is the strong threat.} Kg8 $2 {[%mdl 8192] Black cannot hold the game after this.} (27... Be3 $14 28. Qd1 Rf7) 28. Qxh6 Qg7 29. Qh3 (29. Bd5+ $142 Qf7 30. Rb7 Bh4 31. Bxf7+ Rxf7 32. Rb8+ Bd8 33. Rxd8+ Rf8 34. Rxf8#) 29... Be3 (29... Qh7 $18 30. Qe6+ Kh8 31. Qxd6 (31. Bxg6 Qh6 $18) 31... Qg7) 30. g3 (30. Bd5+ $142 Qf7 31. Bxf7+ Kxf7 32. Qd7+ Kg8 33. Qxd6 Bc1 34. Qxg6+ Kh8 35. g3) 30... Qf6 (30... Qh7 $18 31. Qe6+ Kh8 32. Qxd6 Qg7) 31. Bd5+ {Weighted Error Value: White=0.65/Black=0.77} 1-0